 Dungeon Crawl Stone Soup version 0.19-a0-1068-g99dd0f4 (webtiles) character file.

441 Ijustatesigmund the Skirmisher (level 6, 49/49 HPs)
             Began as a Demonspawn Fighter on Aug 4, 2016.
             Quit the game on level 5 of the Dungeon.
             The game lasted 00:08:03 (3261 turns).

Ijustatesigmund the Skirmisher (Demonspawn Fighter) Turns: 3261, Time: 00:08:04

Health: 49/49      AC: 10    Str: 17    XL:     6   Next: 70%
Magic:  6/6        EV:  9    Int:  9    God:
Gold:   213        SH: 10    Dex: 14    Spells: 0 memorised, 5 levels left

rFire  . . .     SeeInvis .     a - +0 flail
rCold  . . .     Gourm    .     e - +0 ring mail
rNeg   . . .     Faith    .     c - +1 shield
rPois  .         Spirit   .     (helmet restricted)
rElec  .         Dismiss  .     m - +0 cloak
rCorr  .         Reflect  .     (no gloves)
SustAt .         Harm     .     (no boots)
MR     .....                    (no amulet)
Stlth  +.........               (no ring)
                                (no ring)

@:
A: horns 1, iridescent scales 2, powered by pain 1, rot immunity
a: no special abilities


You were on level 5 of the Dungeon.
You were near starving.

You visited 1 branch of the dungeon, and saw 5 of its levels.

You collected 213 gold pieces.

Inventory:

Hand Weapons
 a - a +0 flail (weapon)
Missiles
 i - 2 javelins (quivered)
Armour
 c - a +1 shield (worn)
 e - a +0 ring mail (worn)
 m - a +0 cloak (worn)
Scrolls
 n - 2 scrolls of immolation {unknown}
 q - 5 scrolls of identify
 r - 3 scrolls of teleportation
 s - a scroll of remove curse
Potions
 b - 2 potions of curing
 d - a potion of might
 g - 2 potions of brilliance {unknown}
 j - a potion of cancellation
 l - a potion of agility {unknown}
 o - a potion of haste {unknown}
 p - a potion of heal wounds {unknown}
 t - a potion of flight {unknown}
Comestibles
 f - 4 bread rations
 h - 3 fruits
 k - 4 meat rations


   Skills:
 - Level 4.5 Fighting
 - Level 4.0 Maces & Flails
 + Level 3.4 Armour
 + Level 2.1 Dodging
 + Level 3.5 Shields


You had 5 spell levels left.
You didn't know any spells.

Dungeon Overview and Level Annotations

Branches:
Dungeon (5/15)
 Temple: D:4-7

Altars:
Cheibriados
Elyvilon
Gozag
Ru
Yredelemnul
Zin


Innate Abilities, Weirdness & Mutations

You have a pair of small horns on your head.
You are mostly covered in iridescent scales. (AC +4)
You sometimes gain a little power by taking damage.
You are immune to rotting.


Message History

You closely miss Grinder.
Grinder is almost dead.
Grinder barely misses you.
You sock Grinder!
You kill Grinder!
Your Armour skill increases to level 3!
Your Dodging skill increases to level 2!
You have reached level 6!
Your experience leads to an increase in your attributes!
Your base attributes are Str 17, Int 9, Dex 13.
Increase (S)trength, (I)ntelligence, or (D)exterity?
You feel agile.
Your demonic ancestry asserts itself...
You feel immune to rotting.
You start resting.
You feel a little less mighty now.
You start resting.
You are near starving!
You start resting.
HP restored.
Are you sure you want to abandon this character and quit the game? (Confirm with "yes".)

.# .# ###.####
..# .......#
...###......#
..........#
#.......#
##.......#
##........####
.##.....@..(.((.
....(....(..####
#....$.......#
#####.#......#
#.#......######
#..............
#........#######
#.....#.........
#..#..#.#########


There were no monsters in sight!

Vanquished Creatures
  Grinder (D:5)
  A crimson imp (D:3)
  A worker ant (D:4)
  2 hound skeletons
  3 gnolls (D:4)
  6 adders
  An ooze (D:1)
  A worm (D:2)
  2 giant geckos
  3 orcs (D:3)
  2 ball pythons
  5 giant cockroaches
  10 goblins
  4 hobgoblins
  3 jackals (D:2)
  9 kobolds
  4 quokkas
  4 bats
  A giant gecko skeleton (D:5)
  3 giant newts
  9 rats
75 creatures vanquished.

Notes
Turn   | Place    | Note
-------+----------+-------------------------------------------
     0 | D:1      | Ijustatesigmund the Demonspawn Fighter began the quest for the Orb.
     0 | D:1      | Reached XP level 1. HP: 18/18 MP: 1/1
   222 | D:1      | Gained mutation: You are partially covered in iridescent scales. (AC +2) [demonic ancestry]
   222 | D:1      | Reached XP level 2. HP: 24/24 MP: 2/2
   802 | D:2      | Gained mutation: You have a pair of small horns on your head. [demonic ancestry]
   802 | D:2      | Reached XP level 3. HP: 16/29 MP: 3/3
  1127 | D:2      | Gained mutation: You sometimes gain a little power by taking damage. [demonic ancestry]
  1127 | D:2      | Reached XP level 4. HP: 33/37 MP: 4/4
  1179 | D:2      | Found a basalt altar of Yredelemnul.
  1375 | D:2      | Found an opulent altar of Gozag.
  1876 | D:3      | Found a snail-covered altar of Cheibriados.
  1904 | D:3      | Gained mutation: You are mostly covered in iridescent scales. (AC +4) [demonic ancestry]
  1904 | D:3      | Reached XP level 5. HP: 40/43 MP: 5/5
  2411 | D:4      | Found a white marble altar of Elyvilon.
  2744 | D:4      | Reached skill level 1 in Dodging
  2788 | D:4      | Found a glowing silver altar of Zin.
  2938 | D:4      | Found a sacrificial altar of Ru.
  2953 | D:5      | Entered Level 5 of the Dungeon
  2993 | D:5      | Noticed Grinder
  3003 | D:5      | Paralysed by Grinder for 6 turns
  3015 | D:5      | Paralysed by Grinder for 2 turns
  3024 | D:5      | Killed Grinder
  3024 | D:5      | Gained mutation: You are immune to rotting. [demonic ancestry]
  3024 | D:5      | Reached XP level 6. HP: 11/49 MP: 6/6
  3261 | D:5      | Quit the game

Vault maps used:
D:1:      erik_arrival_cave_to_civilisation
D:2:      nicolae_overflow_hidden_temple, lemuel_coloured_pillars_altar,
          lemuel_doored_altar
D:3:      cheibriados_altar_1
D:4:      lemuel_round_altar, overflow_temple_1_default,
          nicolae_ru_the_path_less_chosen
D:5:      kennysheep_little_box, lemuel_round_altar, first_bread,
          minmay_hedge_maze, uniq_grinder, uniq_duvessa, uniq_eustachio

Skill      XL: |  1  2  3  4  5 |
---------------+----------------+-----
Maces & Flails | 2 3 4 |  4.0
Fighting       | 4 |  4.5
Dodging        | 2 |  2.1
Shields        | 3 |  3.5
Armour         | 3 |  3.4

Action                   |  1- 3 |  4- 6 || total
-------------------------+-------+-------++-------
Melee: Flail             |   129 |   164 ||   293
       Headbutt          |     6 |    22 ||    28
Throw: Javelin           |       |     5 ||     5
  Use: Scroll            |     4 |     3 ||     7
       Potion            |     2 |     2 ||     4
  Eat: Chunk             |     1 |     5 ||     6
Armor: Scale mail        |    86 |       ||    86
       Ring mail         |    13 |    67 ||    80
Dodge: Dodged            |    67 |    44 ||   111
Block: Shield            |    86 |    91 ||   177
